[ AOE2 MATCH · #495627467 ]
UnrankedBulgarians vs Lithuanians
[ REPLAY ANALYSIS · EXTRACTED FROM THE RECORDED GAME ]
Feudal
11:21
Castle
15:01
Imperial
31:05
| APM avg | 55.6 |
| APM peak | 105 |
| eAPM avg | 31.4 |
| Villagers / military | 167 / 234 |
Focus
⚔️ 43.4% · 🌾 56.6%
Spearman ×190 · Battering Ram ×26 · Mangonel ×13 · Monk ×5
Feudal
13:12
Castle
17:07
Imperial
24:34
| APM avg | 47.2 |
| APM peak | 74 |
| eAPM avg | 27.2 |
| Villagers / military | 87 / 63 |
Focus
⚔️ 52.7% · 🌾 47.3%
Hand Cannoneer ×44 · Bombard Cannon ×11 · Monk ×6 · Mangonel ×2
Feudal
10:34
Castle
14:53
Imperial
32:26
| APM avg | 61.6 |
| APM peak | 137 |
| eAPM avg | 37.0 |
| Villagers / military | 154 / 247 |
Focus
⚔️ 38.4% · 🌾 61.6%
Leitis ×135 · Skirmisher ×103 · Scout Cavalry ×6 · Monk ×3
Feudal
10:33
Castle
14:33
Imperial
27:24
| APM avg | 37.9 |
| APM peak | 78 |
| eAPM avg | 25.3 |
| Villagers / military | 176 / 120 |
Focus
⚔️ 31.6% · 🌾 68.4%
Rattan Archer ×113 · Bombard Cannon ×7
Feudal
10:56
Castle
14:46
Imperial
28:24
| APM avg | 52.4 |
| APM peak | 118 |
| eAPM avg | 26.8 |
| Villagers / military | 149 / 187 |
Focus
⚔️ 38.0% · 🌾 62.0%
Archer ×81 · Skirmisher ×81 · Longbowman ×12 · Trebuchet (Packed) ×12 · Monk ×1
Feudal
10:32
Castle
14:12
Imperial
30:01
| APM avg | 40.0 |
| APM peak | 69 |
| eAPM avg | 17.5 |
| Villagers / military | 83 / 17 |
Focus
⚔️ 22.7% · 🌾 77.3%
Mangonel ×7 · Gbeto ×6 · Petard ×4
Feudal
11:22
Castle
14:56
Imperial
32:03
| APM avg | 52.1 |
| APM peak | 99 |
| eAPM avg | 32.2 |
| Villagers / military | 179 / 282 |
Focus
⚔️ 36.4% · 🌾 63.6%
Knight ×257 · Scout Cavalry ×23 · Monk ×2
Feudal
10:02
Castle
15:13
Imperial
33:28
| APM avg | 33.9 |
| APM peak | 91 |
| eAPM avg | 21.7 |
| Villagers / military | 159 / 193 |
Focus
⚔️ 38.5% · 🌾 61.5%
Scout Cavalry ×114 · Camel Scout ×45 · Knight ×34
Match map
Initial resources + every placement click. Lines = walls · curves = elevation contours. ◆ gold · ⬟ stone · ● berries · ✦ relic · ◌ wall gap
Your base· ✓ Closed at 15:01 · 0t walls · 2 gate(s)
团团团子's base· ✓ Closed at 17:07 · 20t walls · 2 gate(s)
HIX | COLPO DI CANNONE's base· ✓ Closed at 14:53 · 0t walls · 3 gate(s)
[SotC] Frank Castle's base· ✓ Closed at 14:33 · 0t walls · 2 gate(s)
Mafioso_'s base· ✓ Closed at 14:46 · 0t walls · 3 gate(s)
Tupac_Amaru's base· ✓ Closed at 14:12 · 0t walls · 3 gate(s)
[SotC] Klovn's base· ✓ Closed at 14:56 · 0t walls · 3 gate(s)
HIX | Mark Anthony's base· ✓ Closed at 15:13 · 6t walls · 2 gate(s)
Smoothed initial terrain · ◌ = detected wall gap · hover for details
Inputs per minute
— __67_7SmigoL._Arg - - 团团团子
Build order — __67_7SmigoL._Arg
First 150 of 591 actions detected
| 0:00 | Queue | Villager (Male) |
| 0:00 | Queue | Villager (Male) |
| 0:00 | Queue | Villager (Male) |
| 0:01 | Queue | Villager (Male) |
| 0:02 | Build | House |
| 0:03 | Build | House |
| 1:22 | Queue | Villager (Male) |
| 1:22 | Queue | Villager (Male) |
| 1:52 | Build | Lumber Camp |
| 1:55 | Queue | Villager (Male) |
| 2:15 | Queue | Villager (Male) |
| 2:15 | Queue | Villager (Male) |
| 2:40 | Queue | Villager (Male) |
| 3:09 | Queue | Villager (Male) |
| 3:09 | Queue | Villager (Male) |
| 3:30 | Build | House |
| 3:32 | Build | House |
| 3:37 | Queue | Villager (Male) |
| 3:37 | Queue | Villager (Male) |
| 3:38 | Queue | Villager (Male) |
| 4:07 | Queue | Villager (Male) |
| 4:25 | Queue | Villager (Male) |
| 4:25 | Queue | Villager (Male) |
| 4:29 | Build | Mill |
| 4:50 | Queue | Villager (Male) |
| 5:06 | Queue | Villager (Male) |
| 5:21 | Queue | Villager (Male) |
| 6:05 | Queue | Villager (Male) |
| 6:08 | Queue | Villager (Male) |
| 6:15 | Queue | Villager (Male) |
| 6:15 | Queue | Villager (Male) |
| 6:53 | Build | House |
| 7:07 | Queue | Villager (Male) |
| 7:43 | Queue | Villager (Male) |
| 8:09 | Research | Feudal Age |
| 8:11 | Queue | Villager (Male) |
| 8:42 | Queue | Villager (Male) |
| 8:44 | Research | Feudal Age |
| 8:58 | Build | Mining Camp |
| 10:22 | Queue | Villager (Male) |
| 10:30 | Queue | Villager (Male) |
| 11:06 | Queue | Villager (Male) |
| 11:21 | Age | Feudal Age |
| 11:23 | Build | Market |
| 11:26 | Build | Blacksmith |
| 12:21 | Research | Castle Age |
| 12:54 | Research | Horse Collar |
| 13:00 | Build | Farm |
| 13:01 | Build | Farm |
| 13:05 | Build | Farm |
| 13:06 | Build | Farm |
| 13:27 | Build | Farm |
| 13:28 | Build | Farm |
| 13:41 | Build | House |
| 13:41 | Build | House |
| 13:55 | Research | Double-Bit Axe |
| 13:55 | Research | Double-Bit Axe |
| 14:02 | Build | Farm |
| 14:05 | Build | Farm |
| 14:08 | Build | Farm |
| 14:12 | Build | Farm |
| 14:20 | Queue | Villager (Male) |
| 14:49 | Queue | Villager (Male) |
| 15:01 | Age | Castle Age |
| 15:03 | Build | Monastery |
| 15:10 | Research | Bow Saw |
| 15:18 | Build | Town Center |
| 15:27 | Queue | Villager (Male) |
| 15:31 | Build | Farm |
| 15:35 | Build | Farm |
| 15:36 | Queue | Monk |
| 15:38 | Queue | Monk |
| 15:54 | Queue | Villager (Male) |
| 15:58 | Build | Farm |
| 16:16 | Queue | Villager (Male) |
| 16:23 | Build | Farm |
| 16:39 | Queue | Villager (Male) |
| 16:44 | Queue | Villager (Male) |
| 16:47 | Build | Farm |
| 16:51 | Queue | Villager (Male) |
| 16:51 | Queue | Villager (Male) |
| 16:53 | Queue | Villager (Male) |
| 16:53 | Queue | Villager (Male) |
| 16:55 | Build | Farm |
| 16:57 | Build | Farm |
| 17:00 | Queue | Monk |
| 17:19 | Build | Farm |
| 17:19 | Queue | Villager (Male) |
| 17:21 | Queue | Villager (Male) |
| 17:38 | Queue | Villager (Male) |
| 17:38 | Queue | Villager (Male) |
| 17:50 | Build | Town Center |
| 17:51 | Queue | Villager (Male) |
| 17:51 | Queue | Villager (Male) |
| 17:51 | Queue | Villager (Male) |
| 18:05 | Build | House |
| 18:08 | Build | House |
| 18:11 | Queue | Villager (Male) |
| 18:18 | Queue | Villager (Male) |
| 18:23 | Queue | Villager (Male) |
| 18:34 | Queue | Villager (Male) |
| 18:49 | Queue | Villager (Male) |
| 18:55 | Queue | Villager (Male) |
| 18:55 | Queue | Villager (Male) |
| 19:02 | Build | Town Center |
| 19:06 | Queue | Villager (Male) |
| 19:06 | Queue | Villager (Male) |
| 19:17 | Build | House |
| 19:17 | Build | House |
| 19:18 | Queue | Villager (Male) |
| 19:18 | Queue | Villager (Male) |
| 19:19 | Queue | Monk |
| 19:24 | Queue | Villager (Male) |
| 19:24 | Queue | Villager (Male) |
| 19:30 | Queue | Villager (Male) |
| 19:38 | Build | Farm |
| 19:38 | Build | Farm |
| 19:38 | Build | Farm |
| 19:39 | Build | Farm |
| 19:39 | Build | Farm |
| 19:39 | Build | Farm |
| 19:39 | Build | Farm |
| 19:40 | Build | Farm |
| 19:40 | Build | Farm |
| 19:47 | Queue | Villager (Male) |
| 19:47 | Queue | Villager (Male) |
| 19:56 | Queue | Villager (Male) |
| 19:56 | Queue | Villager (Male) |
| 20:03 | Queue | Villager (Male) |
| 20:04 | Queue | Villager (Male) |
| 20:09 | Build | Farm |
| 20:30 | Queue | Villager (Male) |
| 20:31 | Queue | Villager (Male) |
| 20:31 | Queue | Villager (Male) |
| 21:02 | Queue | Villager (Male) |
| 21:02 | Queue | Villager (Male) |
| 21:03 | Queue | Villager (Male) |
| 21:03 | Queue | Villager (Male) |
| 21:03 | Queue | Villager (Male) |
| 21:18 | Queue | Villager (Male) |
| 21:19 | Queue | Villager (Male) |
| 21:19 | Queue | Villager (Male) |
| 21:27 | Queue | Villager (Male) |
| 21:28 | Queue | Villager (Male) |
| 21:37 | Build | Outpost |
| 21:38 | Queue | Villager (Male) |
| 21:41 | Queue | Villager (Male) |
| 21:41 | Queue | Villager (Male) |
| 21:52 | Queue | Villager (Male) |
| 21:52 | Queue | Villager (Male) |
Build order — 团团团子
First 150 of 248 actions detected
| 0:03 | Queue | Villager (Male) ×4 |
| 0:04 | Build | House |
| 0:07 | Build | House |
| 1:32 | Queue | Villager (Male) |
| 1:32 | Queue | Villager (Male) |
| 2:04 | Build | Lumber Camp |
| 2:06 | Queue | Villager (Male) |
| 2:07 | Queue | Villager (Male) |
| 2:19 | Queue | Villager (Male) |
| 2:19 | Queue | Villager (Male) |
| 2:20 | Queue | Villager (Male) |
| 2:54 | Queue | Villager (Male) |
| 3:24 | Queue | Villager (Male) |
| 3:25 | Queue | Villager (Male) |
| 3:25 | Queue | Villager (Male) |
| 3:43 | Queue | Villager (Male) |
| 3:43 | Queue | Villager (Male) |
| 3:43 | Queue | Villager (Male) |
| 3:44 | Queue | Villager (Male) |
| 3:46 | Build | House |
| 3:48 | Build | House |
| 4:46 | Queue | Villager (Male) |
| 4:53 | Build | House |
| 5:03 | Queue | Villager (Male) |
| 5:03 | Queue | Villager (Male) |
| 5:04 | Queue | Villager (Male) |
| 6:22 | Queue | Villager (Male) |
| 6:25 | Build | Mill |
| 6:42 | Queue | Villager (Male) |
| 7:17 | Queue | Villager (Male) |
| 7:38 | Queue | Villager (Male) |
| 8:03 | Queue | Villager (Male) |
| 8:23 | Build | Mining Camp |
| 8:25 | Queue | Villager (Male) |
| 8:26 | Queue | Villager (Male) |
| 8:45 | Build | Farm |
| 8:48 | Queue | Villager (Male) |
| 9:28 | Queue | Villager (Male) |
| 9:51 | Queue | Villager (Male) |
| 10:08 | Build | Farm |
| 10:08 | Build | Farm |
| 10:23 | Queue | Villager (Male) |
| 10:35 | Build | Farm |
| 10:36 | Build | Farm |
| 10:42 | Research | Feudal Age |
| 10:51 | Build | House |
| 10:56 | Build | Farm |
| 10:59 | Build | Mining Camp |
| 12:04 | Build | Farm |
| 12:08 | Build | Farm |
| 12:16 | Queue | Villager (Male) |
| 12:20 | Build | Farm |
| 12:48 | Build | Farm |
| 13:08 | Queue | Villager (Male) |
| 13:12 | Age | Feudal Age |
| 13:14 | Build | Market |
| 13:17 | Build | Blacksmith |
| 13:35 | Queue | Villager (Male) |
| 14:18 | Research | Double-Bit Axe |
| 14:19 | Research | Castle Age |
| 14:20 | Research | Castle Age |
| 14:20 | Research | Castle Age |
| 14:22 | Research | Horse Collar |
| 14:23 | Research | Horse Collar |
| 14:33 | Build | Stone Wall |
| 14:49 | Build | Stone Wall |
| 15:02 | Queue | Villager (Male) |
| 15:28 | Queue | Villager (Male) |
| 15:54 | Queue | Villager (Male) |
| 16:34 | Queue | Villager (Male) |
| 17:07 | Age | Castle Age |
| 17:13 | Build | Siege Workshop |
| 17:20 | Queue | Villager (Male) |
| 17:58 | Build | Castle |
| 18:02 | Queue | Villager (Male) |
| 18:22 | Queue | Villager (Male) |
| 18:35 | Queue | Mangonel |
| 18:38 | Queue | Villager (Male) |
| 18:51 | Build | Stone Wall |
| 18:53 | Queue | Villager (Male) |
| 19:01 | Build | Stone Wall |
| 19:02 | Build | Stone Wall |
| 19:10 | Build | Stone Wall |
| 19:13 | Build | Gate |
| 19:15 | Build | Stone Wall |
| 19:19 | Build | Stone Wall |
| 19:39 | Build | Monastery |
| 19:48 | Queue | Villager (Male) |
| 19:59 | Build | Stone Wall |
| 20:07 | Build | Stone Wall |
| 20:18 | Build | Gate |
| 20:31 | Queue | Villager (Male) |
| 20:39 | Queue | Monk |
| 20:40 | Build | House |
| 20:47 | Build | House |
| 20:52 | Build | House |
| 20:57 | Research | Loom |
| 20:57 | Research | Loom |
| 21:07 | Build | House |
| 21:10 | Build | Stone Wall |
| 21:24 | Research | Imperial Age |
| 21:24 | Research | Imperial Age |
| 21:25 | Research | Imperial Age |
| 22:08 | Build | House |
| 22:14 | Queue | Villager (Male) |
| 22:30 | Build | Siege Workshop |
| 22:56 | Queue | Monk |
| 23:03 | Build | University |
| 23:12 | Queue | Villager (Male) |
| 23:54 | Build | Farm |
| 23:55 | Build | Farm |
| 24:22 | Build | Siege Workshop |
| 24:34 | Age | Imperial Age |
| 24:45 | Research | Chemistry |
| 24:45 | Research | Chemistry |
| 25:00 | Queue | Mangonel |
| 25:12 | Queue | Monk |
| 25:14 | Queue | Villager (Male) |
| 25:31 | Queue | Villager (Male) |
| 25:53 | Queue | Villager (Male) |
| 26:13 | Research | Block Printing |
| 26:17 | Queue | Villager (Male) |
| 26:26 | Build | Stone Wall |
| 26:27 | Build | Stone Wall |
| 26:35 | Queue | Bombard Cannon |
| 26:36 | Queue | Bombard Cannon |
| 26:44 | Queue | Villager (Male) |
| 27:01 | Build | Stone Wall |
| 27:10 | Queue | Villager (Male) |
| 27:37 | Queue | Villager (Male) |
| 28:21 | Queue | Bombard Cannon |
| 28:22 | Queue | Bombard Cannon |
| 28:23 | Queue | Villager (Male) |
| 28:24 | Queue | Villager (Male) |
| 28:31 | Build | House |
| 28:42 | Queue | Villager (Male) |
| 28:46 | Queue | Villager (Male) |
| 29:03 | Research | Wheelbarrow |
| 29:23 | Queue | Villager (Male) |
| 29:33 | Queue | Bombard Cannon |
| 29:33 | Queue | Bombard Cannon |
| 29:42 | Queue | Villager (Male) |
| 29:49 | Build | Farm |
| 29:59 | Research | Sanctity |
| 30:00 | Research | Sanctity |
| 30:11 | Queue | Villager (Male) |
| 30:14 | Build | Farm |
| 30:24 | Build | Barracks |
| 30:43 | Queue | Villager (Male) |
| 31:02 | Queue | Monk |
Build order — HIX | COLPO DI CANNONE
First 150 of 518 actions detected
| 0:03 | Queue | Villager (Male) ×5 |
| 0:04 | Queue | Villager (Male) ×5 |
| 0:04 | Build | House |
| 0:05 | Build | House |
| 1:32 | Queue | Villager (Male) |
| 1:32 | Queue | Villager (Male) |
| 1:52 | Build | Lumber Camp |
| 1:59 | Queue | Villager (Male) |
| 1:59 | Queue | Villager (Male) |
| 2:32 | Queue | Villager (Male) |
| 2:50 | Queue | Villager (Male) |
| 3:03 | Build | House |
| 3:07 | Queue | Villager (Male) |
| 3:23 | Queue | Villager (Male) |
| 3:23 | Queue | Villager (Male) |
| 3:49 | Build | House |
| 3:56 | Queue | Villager (Male) |
| 3:56 | Queue | Villager (Male) |
| 4:30 | Queue | Villager (Male) |
| 4:30 | Queue | Villager (Male) |
| 4:34 | Build | Mill |
| 4:55 | Queue | Villager (Male) |
| 5:21 | Queue | Villager (Male) |
| 5:37 | Queue | Villager (Male) |
| 5:37 | Queue | Villager (Male) |
| 6:47 | Queue | Villager (Male) |
| 7:18 | Build | Farm |
| 7:20 | Build | Farm |
| 7:56 | Queue | Villager (Male) |
| 8:19 | Build | Mining Camp |
| 8:21 | Research | Feudal Age |
| 8:27 | Build | Farm |
| 8:30 | Build | Farm |
| 8:32 | Build | Farm |
| 8:47 | Queue | Villager (Male) |
| 8:47 | Queue | Villager (Male) |
| 9:02 | Build | Farm |
| 9:05 | Build | Farm |
| 9:58 | Build | Farm |
| 10:30 | Queue | Villager (Male) |
| 10:34 | Age | Feudal Age |
| 10:37 | Build | Market |
| 10:56 | Build | House |
| 11:41 | Build | Blacksmith |
| 12:13 | Research | Castle Age |
| 12:13 | Research | Castle Age |
| 12:26 | Research | Double-Bit Axe |
| 12:54 | Research | Horse Collar |
| 14:53 | Age | Castle Age |
| 14:55 | Build | Town Center |
| 14:58 | Build | Town Center |
| 15:02 | Research | Wheelbarrow |
| 15:09 | Research | Bow Saw |
| 15:10 | Research | Bow Saw |
| 16:02 | Queue | Villager (Male) |
| 16:09 | Queue | Villager (Male) |
| 16:09 | Queue | Villager (Male) |
| 16:29 | Queue | Villager (Male) |
| 16:30 | Queue | Villager (Male) |
| 16:30 | Queue | Villager (Male) |
| 16:34 | Build | Monastery |
| 17:04 | Queue | Villager (Male) |
| 17:04 | Queue | Villager (Male) |
| 17:04 | Queue | Villager (Male) |
| 17:05 | Queue | Villager (Male) |
| 17:05 | Queue | Monk |
| 17:09 | Build | Farm |
| 17:13 | Build | Farm |
| 17:14 | Build | Farm |
| 17:18 | Build | Farm |
| 17:20 | Build | Farm |
| 17:25 | Build | Farm |
| 17:32 | Queue | Villager (Male) ×2 |
| 17:33 | Queue | Villager (Male) ×2 |
| 17:36 | Build | Farm |
| 17:41 | Build | Farm |
| 17:42 | Queue | Villager (Male) |
| 17:42 | Queue | Villager (Male) |
| 17:49 | Build | Farm |
| 17:52 | Build | Farm |
| 18:05 | Queue | Villager (Male) |
| 18:08 | Build | Farm |
| 18:13 | Build | House |
| 18:14 | Build | House |
| 18:21 | Build | Farm |
| 18:21 | Build | Farm |
| 18:24 | Queue | Villager (Male) |
| 18:33 | Build | Farm |
| 18:37 | Queue | Villager (Male) |
| 18:37 | Queue | Villager (Male) |
| 18:37 | Queue | Villager (Male) |
| 18:38 | Queue | Villager (Male) |
| 18:43 | Queue | Villager (Male) |
| 18:51 | Queue | Villager (Male) |
| 19:14 | Queue | Monk |
| 19:14 | Queue | Monk |
| 19:24 | Queue | Villager (Male) |
| 19:24 | Queue | Villager (Male) |
| 19:24 | Queue | Villager (Male) |
| 19:42 | Queue | Villager (Male) |
| 19:43 | Queue | Villager (Male) |
| 19:51 | Build | Town Center |
| 19:56 | Build | House |
| 20:17 | Research | Hand Cart |
| 20:17 | Research | Town Watch |
| 20:21 | Research | Loom |
| 20:28 | Build | Farm |
| 20:29 | Build | Farm |
| 20:30 | Build | Farm |
| 20:31 | Build | Farm |
| 20:53 | Queue | Villager (Male) |
| 20:54 | Queue | Villager (Male) |
| 20:54 | Queue | Villager (Male) |
| 20:54 | Queue | Villager (Male) |
| 21:11 | Queue | Villager (Male) |
| 21:12 | Queue | Villager (Male) |
| 21:12 | Queue | Villager (Male) |
| 21:21 | Build | Palisade Wall |
| 21:22 | Build | Palisade Wall |
| 21:34 | Queue | Villager (Male) |
| 21:35 | Build | Farm |
| 21:39 | Build | House |
| 21:40 | Build | House |
| 21:40 | Build | House |
| 21:41 | Build | House |
| 21:41 | Build | House |
| 21:41 | Build | House |
| 21:42 | Build | House |
| 21:44 | Queue | Villager (Male) |
| 21:44 | Queue | Villager (Male) |
| 21:46 | Build | Farm |
| 21:57 | Queue | Villager (Male) |
| 21:57 | Queue | Villager (Male) |
| 21:57 | Queue | Villager (Male) |
| 21:58 | Queue | Villager (Male) |
| 22:12 | Build | Barracks |
| 22:20 | Research | Scale Barding Armor |
| 22:22 | Queue | Villager (Male) |
| 22:22 | Queue | Villager (Male) |
| 22:22 | Queue | Villager (Male) |
| 22:25 | Build | Farm |
| 22:31 | Queue | Villager (Male) |
| 22:31 | Queue | Villager (Male) |
| 22:34 | Build | Farm |
| 22:35 | Build | Farm |
| 22:36 | Research | Heavy Plow |
| 22:40 | Build | Lumber Camp |
| 22:52 | Build | Mining Camp |
| 23:02 | Queue | Villager (Male) |
| 23:02 | Queue | Villager (Male) |
Build order — [SotC] Frank Castle
First 150 of 443 actions detected
| 0:00 | Queue | Villager (Male) |
| 0:02 | Build | House |
| 0:03 | Build | House |
| 0:12 | Queue | Villager (Male) |
| 0:13 | Queue | Villager (Male) |
| 0:29 | Queue | Villager (Male) |
| 0:29 | Queue | Villager (Male) |
| 1:30 | Queue | Villager (Male) |
| 2:07 | Queue | Villager (Male) |
| 2:08 | Queue | Villager (Male) |
| 2:32 | Queue | Villager (Male) |
| 2:32 | Queue | Villager (Male) |
| 2:49 | Build | Lumber Camp |
| 2:57 | Queue | Villager (Male) |
| 3:00 | Queue | Villager (Male) |
| 3:47 | Queue | Villager (Male) |
| 3:47 | Queue | Villager (Male) |
| 3:50 | Build | House |
| 4:01 | Queue | Villager (Male) |
| 4:09 | Queue | Villager (Male) |
| 4:10 | Queue | Villager (Male) |
| 4:29 | Queue | Villager (Male) |
| 4:46 | Queue | Villager (Male) |
| 5:36 | Queue | Villager (Male) |
| 5:36 | Queue | Villager (Male) |
| 5:36 | Queue | Villager (Male) |
| 5:58 | Build | House |
| 5:59 | Build | House |
| 6:22 | Build | Mill |
| 6:38 | Queue | Villager (Male) |
| 6:39 | Queue | Villager (Male) |
| 7:06 | Queue | Villager (Male) |
| 7:35 | Queue | Villager (Male) |
| 7:37 | Build | Farm |
| 7:40 | Build | Farm |
| 7:43 | Build | Farm |
| 8:07 | Build | Mining Camp |
| 8:10 | Research | Feudal Age |
| 9:39 | Queue | Villager (Male) |
| 9:39 | Queue | Villager (Male) |
| 10:19 | Build | Farm |
| 10:33 | Age | Feudal Age |
| 10:40 | Build | Market |
| 10:47 | Build | Blacksmith |
| 10:50 | Queue | Villager (Male) |
| 11:42 | Research | Loom |
| 11:53 | Research | Castle Age |
| 11:54 | Research | Castle Age |
| 12:12 | Build | House |
| 12:13 | Build | House |
| 12:14 | Build | House |
| 12:27 | Build | Farm |
| 12:30 | Build | Farm |
| 12:33 | Build | Farm |
| 12:35 | Research | Horse Collar |
| 12:43 | Build | Farm |
| 12:48 | Build | Farm |
| 13:10 | Research | Double-Bit Axe |
| 13:46 | Queue | Villager (Male) |
| 13:47 | Queue | Villager (Male) |
| 14:33 | Queue | Villager (Male) |
| 14:33 | Age | Castle Age |
| 14:38 | Build | Town Center |
| 14:42 | Build | Town Center |
| 14:45 | Research | Bow Saw |
| 14:56 | Queue | Villager (Male) |
| 15:18 | Research | Heavy Plow |
| 15:18 | Research | Heavy Plow |
| 15:24 | Build | Farm |
| 15:27 | Build | Farm |
| 15:28 | Queue | Villager (Male) |
| 15:34 | Build | Farm |
| 15:36 | Queue | Villager (Male) |
| 15:47 | Build | Farm |
| 15:54 | Queue | Villager (Male) |
| 15:54 | Queue | Villager (Male) |
| 15:58 | Queue | Villager (Male) |
| 16:02 | Build | Farm |
| 16:15 | Queue | Villager (Male) |
| 16:15 | Queue | Villager (Male) |
| 16:18 | Build | Farm |
| 16:24 | Build | Farm |
| 16:25 | Queue | Villager (Male) |
| 16:25 | Queue | Villager (Male) |
| 16:36 | Build | Farm |
| 16:37 | Queue | Villager (Male) |
| 16:37 | Queue | Villager (Male) |
| 16:40 | Build | Farm |
| 16:49 | Build | Farm |
| 16:50 | Queue | Villager (Male) |
| 16:55 | Build | Farm |
| 17:01 | Queue | Villager (Male) |
| 17:10 | Queue | Villager (Male) |
| 17:13 | Build | Farm |
| 17:19 | Build | Farm |
| 17:19 | Queue | Villager (Male) |
| 17:20 | Queue | Villager (Male) |
| 17:30 | Build | Farm |
| 17:30 | Queue | Villager (Male) |
| 17:30 | Queue | Villager (Male) |
| 17:39 | Build | Farm |
| 17:40 | Queue | Villager (Male) |
| 17:45 | Queue | Villager (Male) |
| 17:45 | Queue | Villager (Male) |
| 17:48 | Build | Farm |
| 17:51 | Build | Farm |
| 17:51 | Queue | Villager (Male) |
| 17:52 | Queue | Villager (Male) |
| 17:55 | Build | Farm |
| 18:01 | Queue | Villager (Male) |
| 18:03 | Build | Farm |
| 18:07 | Build | Farm |
| 18:08 | Queue | Villager (Male) |
| 18:09 | Queue | Villager (Male) |
| 18:15 | Build | House |
| 18:15 | Build | House |
| 18:17 | Queue | Villager (Male) |
| 18:18 | Queue | Villager (Male) |
| 18:22 | Queue | Villager (Male) |
| 18:27 | Build | Farm |
| 18:33 | Build | Farm |
| 18:34 | Queue | Villager (Male) |
| 18:42 | Queue | Villager (Male) |
| 18:42 | Queue | Villager (Male) |
| 18:44 | Queue | Villager (Male) |
| 18:44 | Queue | Villager (Male) |
| 18:48 | Build | Farm |
| 18:49 | Build | Farm |
| 18:54 | Queue | Villager (Male) |
| 18:55 | Queue | Villager (Male) |
| 18:57 | Build | House |
| 18:58 | Build | House |
| 19:00 | Queue | Villager (Male) |
| 19:04 | Queue | Villager (Male) |
| 19:05 | Queue | Villager (Male) |
| 19:14 | Build | Farm |
| 19:15 | Queue | Villager (Male) |
| 19:15 | Queue | Villager (Male) |
| 19:24 | Build | Farm |
| 19:25 | Queue | Villager (Male) |
| 19:25 | Queue | Villager (Male) |
| 19:31 | Queue | Villager (Male) |
| 19:39 | Queue | Villager (Male) |
| 19:39 | Queue | Villager (Male) |
| 19:51 | Build | Farm |
| 19:52 | Build | Farm |
| 19:54 | Build | Farm |
| 19:58 | Build | Farm |
| 20:02 | Research | Wheelbarrow |
| 20:02 | Research | Wheelbarrow |
Build order — Mafioso_
First 150 of 563 actions detected
| 0:01 | Queue | Villager (Male) |
| 0:01 | Queue | Villager (Male) |
| 0:02 | Build | House |
| 0:04 | Build | House |
| 0:28 | Queue | Villager (Male) |
| 0:28 | Queue | Villager (Male) |
| 1:12 | Build | Lumber Camp |
| 1:27 | Queue | Villager (Male) |
| 2:01 | Queue | Villager (Male) |
| 2:01 | Queue | Villager (Male) |
| 2:30 | Queue | Villager (Male) |
| 2:31 | Queue | Villager (Male) |
| 2:41 | Build | House |
| 2:49 | Queue | Villager (Male) |
| 2:50 | Queue | Villager (Male) |
| 3:19 | Queue | Villager (Male) |
| 3:19 | Queue | Villager (Male) |
| 3:29 | Build | House |
| 3:40 | Build | Mill |
| 3:45 | Queue | Villager (Male) |
| 3:45 | Queue | Villager (Male) |
| 4:11 | Queue | Villager (Male) |
| 4:11 | Queue | Villager (Male) |
| 4:28 | Queue | Villager (Male) |
| 4:28 | Queue | Villager (Male) |
| 4:59 | Queue | Villager (Male) |
| 4:59 | Queue | Villager (Male) |
| 5:25 | Queue | Villager (Male) |
| 5:25 | Queue | Villager (Male) |
| 5:47 | Queue | Villager (Male) |
| 5:47 | Queue | Villager (Male) |
| 6:04 | Queue | Villager (Male) |
| 6:34 | Queue | Villager (Male) |
| 7:03 | Queue | Villager (Male) |
| 7:05 | Build | Lumber Camp |
| 7:21 | Queue | Villager (Male) |
| 7:52 | Queue | Villager (Male) |
| 8:17 | Queue | Villager (Male) |
| 8:26 | Build | Mining Camp |
| 8:36 | Research | Feudal Age |
| 8:36 | Research | Feudal Age |
| 10:04 | Build | House |
| 10:30 | Build | Farm |
| 10:32 | Build | Farm |
| 10:33 | Build | Farm |
| 10:40 | Build | Farm |
| 10:50 | Queue | Villager (Male) |
| 10:56 | Age | Feudal Age |
| 10:59 | Build | Market |
| 11:01 | Build | Blacksmith |
| 11:21 | Queue | Villager (Male) |
| 12:06 | Research | Castle Age |
| 12:06 | Research | Castle Age |
| 12:21 | Build | House |
| 12:22 | Build | House |
| 12:33 | Build | Farm |
| 12:44 | Build | House |
| 13:04 | Research | Double-Bit Axe |
| 13:05 | Research | Double-Bit Axe |
| 13:33 | Research | Horse Collar |
| 13:54 | Build | House |
| 14:06 | Build | Farm |
| 14:36 | Build | Farm |
| 14:44 | Queue | Villager (Male) |
| 14:46 | Age | Castle Age |
| 14:49 | Build | Town Center |
| 14:52 | Build | Town Center |
| 15:10 | Research | Wheelbarrow |
| 15:10 | Research | Wheelbarrow |
| 15:15 | Build | Farm |
| 15:38 | Build | Town Center |
| 15:51 | Queue | Villager (Male) |
| 16:12 | Queue | Villager (Male) |
| 16:15 | Queue | Villager (Male) |
| 16:17 | Build | Farm |
| 16:19 | Build | Farm |
| 16:20 | Build | Farm |
| 16:22 | Build | Farm |
| 16:30 | Queue | Villager (Male) |
| 16:35 | Build | Farm |
| 16:36 | Build | Farm |
| 16:38 | Build | Farm |
| 16:39 | Build | Farm |
| 16:43 | Queue | Villager (Male) |
| 16:49 | Queue | Villager (Male) |
| 16:50 | Build | Farm |
| 16:56 | Build | Farm |
| 17:01 | Queue | Villager (Male) |
| 17:15 | Build | Farm |
| 17:19 | Queue | Villager (Male) |
| 17:24 | Queue | Villager (Male) |
| 17:30 | Queue | Villager (Male) |
| 17:37 | Build | Farm |
| 17:39 | Queue | Villager (Male) |
| 17:43 | Build | Farm |
| 17:44 | Build | Farm |
| 17:50 | Build | Farm |
| 17:56 | Queue | Villager (Male) |
| 17:57 | Queue | Villager (Male) |
| 18:01 | Build | Farm |
| 18:04 | Queue | Villager (Male) |
| 18:05 | Queue | Villager (Male) |
| 18:13 | Queue | Villager (Male) |
| 18:17 | Build | Farm |
| 18:26 | Queue | Villager (Male) |
| 18:26 | Queue | Villager (Male) |
| 18:35 | Queue | Villager (Male) |
| 18:36 | Queue | Villager (Male) |
| 18:38 | Queue | Villager (Male) |
| 18:39 | Queue | Villager (Male) |
| 18:45 | Research | Loom |
| 18:47 | Queue | Villager (Male) |
| 18:47 | Queue | Villager (Male) |
| 18:48 | Queue | Villager (Male) |
| 18:52 | Build | Farm |
| 18:53 | Build | Farm |
| 18:55 | Build | House |
| 18:56 | Build | House |
| 19:00 | Queue | Villager (Male) |
| 19:01 | Queue | Villager (Male) |
| 19:08 | Build | Outpost |
| 19:11 | Queue | Villager (Male) |
| 19:11 | Queue | Villager (Male) |
| 19:12 | Queue | Villager (Male) |
| 19:18 | Queue | Villager (Male) |
| 19:26 | Build | Farm |
| 19:28 | Build | House |
| 19:29 | Build | House |
| 19:34 | Queue | Villager (Male) |
| 19:35 | Queue | Villager (Male) |
| 19:35 | Queue | Villager (Male) |
| 19:35 | Queue | Villager (Male) |
| 19:35 | Queue | Villager (Male) |
| 19:49 | Queue | Villager (Male) |
| 19:49 | Queue | Villager (Male) |
| 19:51 | Queue | Villager (Male) |
| 19:51 | Queue | Villager (Male) |
| 19:59 | Build | Monastery |
| 20:06 | Queue | Villager (Male) |
| 20:07 | Queue | Villager (Male) |
| 20:07 | Queue | Villager (Male) |
| 20:07 | Queue | Villager (Male) |
| 20:08 | Queue | Villager (Male) |
| 20:11 | Build | Farm |
| 20:16 | Build | Farm |
| 20:17 | Queue | Villager (Male) |
| 20:17 | Queue | Villager (Male) |
| 20:32 | Research | Town Watch |
| 20:32 | Research | Town Watch |
| 20:33 | Queue | Villager (Male) |
Build order — Tupac_Amaru
First 150 of 172 actions detected
| 0:01 | Queue | Villager (Male) |
| 0:02 | Queue | Villager (Male) |
| 0:02 | Queue | Villager (Male) |
| 0:02 | Queue | Villager (Male) |
| 0:03 | Build | House |
| 0:04 | Build | House |
| 1:37 | Queue | Villager (Male) |
| 1:37 | Queue | Villager (Male) |
| 1:37 | Queue | Villager (Male) |
| 1:46 | Build | Lumber Camp |
| 2:07 | Queue | Villager (Male) |
| 2:07 | Queue | Villager (Male) |
| 2:30 | Queue | Villager (Male) |
| 2:31 | Queue | Villager (Male) |
| 2:31 | Queue | Villager (Male) |
| 3:09 | Queue | Villager (Male) |
| 3:09 | Queue | Villager (Male) |
| 3:09 | Queue | Villager (Male) |
| 3:09 | Queue | Villager (Male) |
| 3:23 | Queue | Villager (Male) |
| 3:23 | Queue | Villager (Male) |
| 3:23 | Queue | Villager (Male) |
| 3:29 | Build | House |
| 4:07 | Queue | Villager (Male) |
| 4:07 | Queue | Villager (Male) |
| 4:13 | Build | Mill |
| 4:35 | Queue | Villager (Male) |
| 4:35 | Queue | Villager (Male) |
| 4:51 | Queue | Villager (Male) |
| 4:51 | Queue | Villager (Male) |
| 5:04 | Queue | Villager (Male) |
| 5:05 | Queue | Villager (Male) |
| 5:05 | Queue | Villager (Male) |
| 5:11 | Build | House |
| 5:28 | Queue | Villager (Male) |
| 5:28 | Queue | Villager (Male) |
| 5:28 | Queue | Villager (Male) |
| 6:46 | Build | Mining Camp |
| 6:49 | Queue | Villager (Male) |
| 7:11 | Queue | Villager (Male) |
| 7:14 | Queue | Villager (Male) |
| 8:22 | Research | Feudal Age |
| 9:06 | Build | House |
| 10:25 | Queue | Villager (Male) |
| 10:26 | Queue | Villager (Male) |
| 10:32 | Age | Feudal Age |
| 10:37 | Build | Market |
| 10:40 | Build | Blacksmith |
| 11:32 | Research | Castle Age |
| 12:09 | Build | Mining Camp |
| 12:22 | Build | Mining Camp |
| 14:12 | Age | Castle Age |
| 14:18 | Build | Castle |
| 14:33 | Build | Siege Workshop |
| 14:41 | Queue | Villager (Male) |
| 14:42 | Queue | Villager (Male) |
| 14:58 | Build | Palisade Wall |
| 15:35 | Queue | Mangonel |
| 15:40 | Build | Mining Camp |
| 16:08 | Queue | Gbeto |
| 16:09 | Queue | Gbeto |
| 16:09 | Queue | Gbeto |
| 16:33 | Queue | Mangonel |
| 16:34 | Queue | Mangonel |
| 17:15 | Build | Farm |
| 17:16 | Build | Farm |
| 17:16 | Build | Farm |
| 17:17 | Build | Farm |
| 17:17 | Build | Farm |
| 17:23 | Build | Farm |
| 18:26 | Queue | Petard |
| 18:26 | Queue | Petard |
| 18:46 | Queue | Mangonel |
| 19:50 | Queue | Mangonel |
| 20:05 | Queue | Villager (Male) |
| 20:06 | Queue | Villager (Male) |
| 20:54 | Queue | Gbeto |
| 20:54 | Queue | Gbeto |
| 20:54 | Queue | Gbeto |
| 21:03 | Build | Farm |
| 21:27 | Build | Farm |
| 21:28 | Queue | Villager (Male) |
| 21:28 | Queue | Villager (Male) |
| 21:38 | Queue | Mangonel |
| 22:21 | Queue | Villager (Male) |
| 22:22 | Queue | Villager (Male) |
| 22:22 | Queue | Villager (Male) |
| 22:23 | Build | Farm |
| 23:21 | Queue | Villager (Male) |
| 23:21 | Queue | Villager (Male) |
| 23:21 | Queue | Villager (Male) |
| 23:24 | Build | Farm |
| 23:26 | Build | Farm |
| 24:03 | Queue | Villager (Male) |
| 24:03 | Queue | Villager (Male) |
| 24:34 | Build | Farm |
| 24:35 | Build | Farm |
| 25:00 | Queue | Mangonel |
| 25:08 | Build | Farm |
| 25:10 | Build | Farm |
| 25:58 | Build | Palisade Wall |
| 26:40 | Build | Farm |
| 26:51 | Research | Imperial Age |
| 26:51 | Research | Imperial Age |
| 26:52 | Research | Imperial Age |
| 29:30 | Queue | Petard |
| 29:31 | Queue | Petard |
| 30:01 | Age | Imperial Age |
| 30:14 | Queue | Villager (Male) |
| 30:14 | Queue | Villager (Male) |
| 30:56 | Build | House |
| 30:57 | Build | House |
| 30:57 | Build | House |
| 30:58 | Build | House |
| 31:40 | Build | Town Center |
| 31:56 | Build | House |
| 32:40 | Queue | Villager (Male) |
| 32:41 | Queue | Villager (Male) |
| 32:41 | Queue | Villager (Male) |
| 33:10 | Build | Palisade Gate |
| 33:14 | Build | Palisade Gate |
| 34:15 | Build | Town Center |
| 35:15 | Build | Palisade Gate |
| 35:19 | Build | House |
| 35:24 | Build | Palisade Wall |
| 35:32 | Queue | Villager (Male) |
| 35:33 | Queue | Villager (Male) |
| 35:33 | Queue | Villager (Male) |
| 35:33 | Queue | Villager (Male) |
| 35:33 | Queue | Villager (Male) |
| 35:49 | Queue | Villager (Male) |
| 35:49 | Queue | Villager (Male) |
| 35:49 | Queue | Villager (Male) |
| 37:28 | Build | Town Center |
| 37:38 | Queue | Villager (Male) |
| 37:38 | Queue | Villager (Male) |
| 37:38 | Queue | Villager (Male) |
| 38:31 | Queue | Villager (Male) |
| 38:35 | Queue | Villager (Male) |
| 38:35 | Queue | Villager (Male) |
| 38:36 | Queue | Villager (Male) |
| 38:36 | Queue | Villager (Male) |
| 38:39 | Queue | Villager (Male) |
| 38:39 | Queue | Villager (Male) |
| 39:18 | Queue | Villager (Male) |
| 39:18 | Queue | Villager (Male) |
| 39:18 | Queue | Villager (Male) |
| 40:04 | Queue | Villager (Male) |
| 40:04 | Queue | Villager (Male) |
| 40:04 | Queue | Villager (Male) |
Build order — [SotC] Klovn
First 150 of 552 actions detected
| 0:00 | Queue | Villager (Male) |
| 0:00 | Queue | Villager (Male) |
| 0:01 | Queue | Villager (Male) |
| 0:01 | Queue | Villager (Male) |
| 0:01 | Queue | Villager (Male) |
| 0:02 | Build | House |
| 0:03 | Build | House |
| 1:35 | Queue | Villager (Male) |
| 1:35 | Queue | Villager (Male) |
| 1:35 | Queue | Villager (Male) |
| 1:58 | Queue | Villager (Male) |
| 1:58 | Queue | Villager (Male) |
| 1:58 | Queue | Villager (Male) |
| 2:25 | Queue | Villager (Male) |
| 2:25 | Queue | Villager (Male) |
| 2:25 | Queue | Villager (Male) |
| 2:49 | Build | Lumber Camp |
| 2:57 | Queue | Villager (Male) |
| 2:58 | Queue | Villager (Male) |
| 3:47 | Queue | Villager (Male) |
| 3:47 | Queue | Villager (Male) |
| 3:47 | Queue | Villager (Male) |
| 3:58 | Build | House |
| 4:03 | Build | House |
| 4:25 | Queue | Villager (Male) |
| 4:39 | Queue | Villager (Male) |
| 4:41 | Queue | Villager (Male) |
| 5:05 | Build | Mill |
| 5:20 | Queue | Villager (Male) |
| 5:22 | Queue | Villager (Male) |
| 5:22 | Queue | Villager (Male) |
| 6:12 | Queue | Villager (Male) |
| 6:57 | Queue | Villager (Male) |
| 7:18 | Queue | Villager (Male) |
| 7:19 | Queue | Villager (Male) |
| 7:25 | Build | House |
| 7:26 | Build | House |
| 7:32 | Build | Farm |
| 7:45 | Build | Mining Camp |
| 7:54 | Build | Farm |
| 8:02 | Build | Farm |
| 8:16 | Queue | Villager (Male) |
| 8:36 | Queue | Villager (Male) |
| 8:39 | Research | Feudal Age |
| 10:08 | Build | Barracks |
| 11:16 | Queue | Villager (Male) |
| 11:22 | Age | Feudal Age |
| 11:24 | Build | Stable |
| 11:25 | Build | Blacksmith |
| 11:31 | Queue | Villager (Male) |
| 11:38 | Build | Farm |
| 11:50 | Build | Farm |
| 12:16 | Research | Castle Age |
| 12:16 | Research | Castle Age |
| 12:16 | Research | Castle Age |
| 12:17 | Build | House |
| 12:18 | Build | House |
| 12:40 | Build | Farm |
| 12:41 | Research | Double-Bit Axe |
| 12:41 | Research | Double-Bit Axe |
| 12:47 | Build | Farm |
| 13:16 | Queue | Villager (Male) |
| 13:25 | Build | Farm |
| 13:28 | Build | House |
| 13:30 | Build | Farm |
| 13:33 | Research | Horse Collar |
| 13:33 | Research | Horse Collar |
| 13:33 | Research | Horse Collar |
| 13:45 | Queue | Scout Cavalry |
| 14:11 | Queue | Scout Cavalry |
| 14:41 | Queue | Scout Cavalry |
| 14:56 | Age | Castle Age |
| 15:01 | Build | Town Center |
| 15:14 | Queue | Villager (Male) |
| 15:23 | Queue | Villager (Male) |
| 15:39 | Queue | Villager (Male) |
| 15:45 | Build | Town Center |
| 15:49 | Queue | Villager (Male) |
| 15:55 | Research | Light Cavalry (upgrade) |
| 16:09 | Research | Bow Saw |
| 16:09 | Research | Bow Saw |
| 16:19 | Queue | Villager (Male) |
| 16:19 | Queue | Villager (Male) |
| 16:33 | Queue | Villager (Male) |
| 16:36 | Queue | Scout Cavalry |
| 16:36 | Queue | Scout Cavalry |
| 16:50 | Queue | Villager (Male) |
| 16:53 | Build | Farm |
| 16:56 | Build | Farm |
| 17:05 | Build | House |
| 17:06 | Build | House |
| 17:06 | Build | House |
| 17:10 | Build | House |
| 17:11 | Build | House |
| 17:20 | Queue | Scout Cavalry |
| 17:27 | Build | Farm |
| 17:32 | Build | Farm |
| 17:33 | Queue | Villager (Male) |
| 17:55 | Queue | Villager (Male) |
| 17:58 | Queue | Villager (Male) |
| 17:59 | Research | Loom |
| 18:03 | Build | Farm |
| 18:09 | Build | Farm |
| 18:23 | Queue | Scout Cavalry |
| 18:24 | Queue | Scout Cavalry |
| 18:24 | Queue | Scout Cavalry |
| 18:38 | Build | House |
| 18:42 | Build | Farm |
| 18:43 | Build | Farm |
| 18:44 | Build | Farm |
| 18:48 | Queue | Scout Cavalry |
| 18:56 | Build | Farm |
| 18:57 | Build | Farm |
| 19:12 | Research | Husbandry |
| 19:15 | Build | House |
| 19:15 | Build | House |
| 19:26 | Queue | Villager (Male) |
| 19:27 | Queue | Villager (Male) |
| 19:35 | Build | Farm |
| 19:36 | Build | Farm |
| 19:38 | Queue | Knight |
| 19:39 | Queue | Knight |
| 19:46 | Research | Scale Barding Armor |
| 19:50 | Build | Stable |
| 20:03 | Queue | Scout Cavalry |
| 20:06 | Queue | Villager (Male) |
| 20:17 | Queue | Villager (Male) |
| 20:24 | Queue | Villager (Male) |
| 20:24 | Queue | Villager (Male) |
| 20:32 | Queue | Villager (Male) |
| 20:43 | Queue | Villager (Male) |
| 20:44 | Queue | Villager (Male) |
| 20:46 | Build | Farm |
| 21:00 | Queue | Villager (Male) |
| 21:01 | Queue | Villager (Male) |
| 21:03 | Build | Monastery |
| 21:06 | Queue | Scout Cavalry |
| 21:06 | Queue | Scout Cavalry |
| 21:08 | Build | Farm |
| 21:16 | Queue | Villager (Male) |
| 21:16 | Queue | Villager (Male) |
| 21:20 | Build | Farm |
| 21:20 | Queue | Villager (Male) |
| 21:20 | Queue | Villager (Male) |
| 21:31 | Build | Farm |
| 21:31 | Queue | Villager (Male) |
| 22:01 | Queue | Villager (Male) |
| 22:01 | Queue | Villager (Male) |
| 22:01 | Queue | Villager (Male) |
| 22:03 | Build | Farm |
Build order — HIX | Mark Anthony
First 150 of 560 actions detected
| 0:01 | Queue | Villager (Male) |
| 0:01 | Queue | Villager (Male) |
| 0:02 | Queue | Villager (Male) |
| 0:02 | Queue | Villager (Male) |
| 0:02 | Queue | Villager (Male) |
| 0:02 | Queue | Villager (Male) |
| 0:04 | Build | House |
| 0:05 | Build | House |
| 1:16 | Queue | Villager (Male) |
| 1:16 | Queue | Villager (Male) |
| 1:44 | Build | Lumber Camp |
| 2:01 | Queue | Villager (Male) |
| 2:01 | Queue | Villager (Male) |
| 2:04 | Queue | Villager (Male) |
| 2:04 | Queue | Villager (Male) |
| 2:34 | Queue | Villager (Male) |
| 2:34 | Queue | Villager (Male) |
| 3:15 | Build | House |
| 3:21 | Queue | Villager (Male) |
| 3:21 | Queue | Villager (Male) |
| 3:22 | Queue | Villager (Male) |
| 3:39 | Build | Mill |
| 4:14 | Queue | Villager (Male) |
| 4:14 | Queue | Villager (Male) |
| 4:56 | Queue | Villager (Male) |
| 4:57 | Queue | Villager (Male) |
| 5:18 | Queue | Villager (Male) |
| 5:18 | Queue | Villager (Male) |
| 5:26 | Build | House |
| 5:47 | Queue | Villager (Male) |
| 5:48 | Queue | Villager (Male) |
| 6:34 | Queue | Villager (Male) |
| 6:35 | Queue | Villager (Male) |
| 6:43 | Queue | Villager (Male) |
| 6:50 | Build | Mining Camp |
| 7:53 | Research | Feudal Age |
| 9:16 | Build | House |
| 9:19 | Build | Palisade Wall |
| 9:20 | Build | Palisade Wall |
| 9:25 | Build | Palisade Wall |
| 9:28 | Build | Palisade Wall |
| 9:37 | Build | House |
| 9:42 | Build | Palisade Wall |
| 9:43 | Build | Palisade Wall |
| 9:46 | Queue | Villager (Male) |
| 10:02 | Age | Feudal Age |
| 10:03 | Queue | Villager (Male) |
| 10:05 | Build | Blacksmith |
| 10:26 | Build | Market |
| 10:43 | Queue | Villager (Male) |
| 10:54 | Build | Farm |
| 10:56 | Build | Farm |
| 11:06 | Queue | Villager (Male) |
| 11:29 | Queue | Villager (Male) |
| 11:40 | Build | Farm |
| 11:41 | Build | Farm |
| 11:51 | Build | Farm |
| 12:03 | Queue | Villager (Male) |
| 12:10 | Build | Farm |
| 12:13 | Build | Farm |
| 12:48 | Research | Castle Age |
| 13:21 | Research | Double-Bit Axe |
| 13:34 | Build | Barracks |
| 13:53 | Queue | Villager (Male) |
| 14:24 | Queue | Villager (Male) |
| 14:26 | Research | Gold Mining |
| 14:43 | Build | Stable |
| 15:13 | Age | Castle Age |
| 15:23 | Queue | Knight |
| 15:23 | Queue | Knight |
| 15:31 | Build | Town Center |
| 15:39 | Queue | Knight |
| 15:44 | Build | Farm |
| 16:21 | Queue | Villager (Male) |
| 16:25 | Queue | Knight |
| 16:26 | Queue | Knight |
| 16:36 | Queue | Villager (Male) |
| 16:39 | Build | House |
| 16:42 | Build | Farm |
| 16:42 | Build | Farm |
| 16:42 | Build | Farm |
| 16:43 | Build | Farm |
| 16:47 | Queue | Villager (Male) |
| 17:07 | Build | Farm |
| 17:08 | Build | Farm |
| 17:08 | Build | Farm |
| 17:08 | Build | Farm |
| 17:11 | Queue | Villager (Male) |
| 17:11 | Queue | Villager (Male) |
| 17:23 | Queue | Knight |
| 17:23 | Queue | Knight |
| 17:51 | Queue | Villager (Male) |
| 17:51 | Queue | Villager (Male) |
| 17:54 | Build | Farm |
| 17:54 | Build | Farm |
| 17:54 | Build | Farm |
| 17:57 | Queue | Villager (Male) |
| 17:57 | Queue | Villager (Male) |
| 18:15 | Queue | Villager (Male) |
| 18:16 | Queue | Villager (Male) |
| 18:21 | Research | Scale Barding Armor |
| 18:43 | Queue | Villager (Male) |
| 18:43 | Queue | Villager (Male) |
| 18:45 | Build | Farm |
| 18:46 | Build | Farm |
| 18:46 | Build | Farm |
| 18:57 | Build | House |
| 19:15 | Queue | Knight |
| 19:15 | Queue | Knight |
| 20:09 | Research | Light Cavalry (upgrade) |
| 20:12 | Research | Light Cavalry (upgrade) |
| 20:16 | Research | Bloodlines |
| 20:53 | Queue | Knight |
| 20:53 | Queue | Knight |
| 21:02 | Queue | Villager (Male) |
| 21:02 | Queue | Villager (Male) |
| 21:03 | Research | Loom |
| 21:15 | Queue | Villager (Male) |
| 21:16 | Research | Wheelbarrow |
| 21:16 | Queue | Villager (Male) |
| 21:20 | Build | Town Center |
| 21:54 | Build | Town Center |
| 22:24 | Build | Farm |
| 22:24 | Build | Farm |
| 22:25 | Build | Farm |
| 22:25 | Build | Farm |
| 22:25 | Build | Farm |
| 22:25 | Build | Farm |
| 22:27 | Queue | Villager (Male) |
| 22:27 | Queue | Villager (Male) |
| 22:28 | Queue | Villager (Male) |
| 22:29 | Queue | Villager (Male) |
| 22:30 | Queue | Villager (Male) |
| 22:47 | Queue | Villager (Male) |
| 22:48 | Build | Farm |
| 22:52 | Queue | Villager (Male) |
| 22:52 | Queue | Villager (Male) |
| 22:53 | Queue | Villager (Male) |
| 22:53 | Queue | Villager (Male) |
| 22:58 | Queue | Villager (Male) |
| 22:58 | Queue | Villager (Male) |
| 23:14 | Build | Farm |
| 23:17 | Queue | Villager (Male) |
| 23:20 | Build | House |
| 23:21 | Build | House |
| 23:22 | Build | House |
| 23:23 | Build | House |
| 23:26 | Research | Town Watch |
| 23:27 | Queue | Villager (Male) |
| 23:27 | Queue | Villager (Male) |
Match timeline
| 9:19 | HIX | Mark Anthony · wall_segment Palisade Wall x1 |
| 9:20 | HIX | Mark Anthony · wall_segment Palisade Wall x1 |
| 9:25 | HIX | Mark Anthony · wall_segment Palisade Wall x1 |
| 9:28 | HIX | Mark Anthony · wall_segment Palisade Wall x1 |
| 9:42 | HIX | Mark Anthony · wall_segment Palisade Wall x1 |
| 9:43 | HIX | Mark Anthony · wall_segment Palisade Wall x1 |
| 10:02 | HIX | Mark Anthony · age_up feudal |
| 10:08 | [SotC] Klovn · first_building Barracks |
| 10:32 | Tupac_Amaru · age_up feudal |
| 10:33 | [SotC] Frank Castle · age_up feudal |
| 10:34 | HIX | COLPO DI CANNONE · age_up feudal |
| 10:56 | Mafioso_ · age_up feudal |
| 11:21 | __67_7SmigoL._Arg · age_up feudal |
| 11:22 | [SotC] Klovn · age_up feudal |
| 11:22 | HIX | Mark Anthony · first_market_buy 100 food |
| 11:24 | [SotC] Klovn · first_building Stable |
| 11:29 | Tupac_Amaru · first_market_sell 100 wood |
| 12:13 | __67_7SmigoL._Arg · first_market_sell 100 stone |
| 12:14 | __67_7SmigoL._Arg · first_market_buy 100 food |
| 13:12 | 团团团子 · age_up feudal |
| 13:34 | HIX | Mark Anthony · first_building Barracks |
| 14:12 | Tupac_Amaru · age_up castle |
| 14:18 | Tupac_Amaru · first_building Castle |
| 14:33 | Tupac_Amaru · first_building Siege Workshop |
| 14:33 | 团团团子 · wall_segment Stone Wall x3 |
| 14:33 | [SotC] Frank Castle · age_up castle |
| 14:43 | HIX | Mark Anthony · first_building Stable |
| 14:46 | Mafioso_ · age_up castle |
| 14:49 | 团团团子 · wall_segment Stone Wall x17 |
| 14:53 | HIX | COLPO DI CANNONE · age_up castle |
| 14:56 | [SotC] Klovn · age_up castle |
| 14:58 | Tupac_Amaru · wall_segment Palisade Wall x1 |
| 15:01 | __67_7SmigoL._Arg · age_up castle |
| 15:03 | __67_7SmigoL._Arg · first_building Monastery |
| 15:13 | HIX | Mark Anthony · age_up castle |
| 15:35 | Mafioso_ · first_market_buy 100 stone |
| 16:34 | HIX | COLPO DI CANNONE · first_building Monastery |
| 17:07 | 团团团子 · age_up castle |
| 17:13 | 团团团子 · first_building Siege Workshop |
| 17:31 | HIX | COLPO DI CANNONE · first_market_buy 100 food |
| 17:58 | 团团团子 · first_building Castle |
| 18:21 | Tupac_Amaru · first_market_buy 100 food |
| 18:51 | 团团团子 · wall_segment Stone Wall x5 |
| 19:01 | 团团团子 · wall_segment Stone Wall x1 |
| 19:02 | 团团团子 · wall_segment Stone Wall x1 |
| 19:10 | 团团团子 · wall_segment Stone Wall x11 |
| 19:15 | 团团团子 · wall_segment Stone Wall x4 |
| 19:19 | 团团团子 · wall_segment Stone Wall x3 |
| 19:39 | 团团团子 · first_building Monastery |
| 19:59 | 团团团子 · wall_segment Stone Wall x4 |
| 19:59 | Mafioso_ · first_building Monastery |
| 20:07 | 团团团子 · wall_segment Stone Wall x4 |
| 21:03 | [SotC] Klovn · first_building Monastery |
| 21:10 | 团团团子 · wall_segment Stone Wall x1 |
| 21:20 | [SotC] Frank Castle · first_building Monastery |
| 21:21 | HIX | COLPO DI CANNONE · wall_segment Palisade Wall x1 |
| 21:22 | HIX | COLPO DI CANNONE · wall_segment Palisade Wall x1 |
| 21:23 | 团团团子 · first_market_buy 100 food |
| 21:32 | [SotC] Frank Castle · first_building Siege Workshop |
| 21:33 | HIX | Mark Anthony · first_market_sell 100 wood |
| 22:12 | HIX | COLPO DI CANNONE · first_building Barracks |
| 23:34 | Mafioso_ · first_building Barracks |
| 24:01 | [SotC] Frank Castle · first_market_sell 500 wood |
| 24:24 | [SotC] Frank Castle · first_building Barracks |
| 24:34 | 团团团子 · age_up imperial |
| 25:06 | [SotC] Frank Castle · first_building Archery Range |
| 25:33 | Mafioso_ · first_building Archery Range |
| 25:47 | HIX | COLPO DI CANNONE · first_building Stable |
| 25:57 | __67_7SmigoL._Arg · first_building Barracks |
| 25:58 | Tupac_Amaru · wall_segment Palisade Wall x2 |
| 26:26 | 团团团子 · wall_segment Stone Wall x1 |
| 26:27 | 团团团子 · wall_segment Stone Wall x1 |
| 26:37 | [SotC] Frank Castle · first_building Castle |
| 27:01 | 团团团子 · wall_segment Stone Wall x1 |
| 27:09 | Mafioso_ · first_building Castle |
| 27:24 | [SotC] Frank Castle · age_up imperial |
| 28:07 | HIX | COLPO DI CANNONE · first_building Castle |
| 28:24 | Mafioso_ · age_up imperial |
| 28:39 | HIX | COLPO DI CANNONE · first_market_sell 100 food |
| 29:18 | HIX | Mark Anthony · first_building Monastery |
| 30:01 | Tupac_Amaru · age_up imperial |
| 30:18 | __67_7SmigoL._Arg · first_building Siege Workshop |
| 30:24 | 团团团子 · first_building Barracks |
| 31:05 | __67_7SmigoL._Arg · age_up imperial |
| 31:12 | 团团团子 · wall_segment Stone Wall x1 |
| 31:51 | 团团团子 · first_building Archery Range |
| 31:53 | [SotC] Klovn · first_market_buy 100 stone |
| 32:03 | [SotC] Klovn · age_up imperial |
| 32:26 | HIX | COLPO DI CANNONE · age_up imperial |
| 32:43 | __67_7SmigoL._Arg · first_building Castle |
| 33:28 | HIX | Mark Anthony · age_up imperial |
| 34:02 | [SotC] Klovn · first_building Siege Workshop |
| 34:43 | [SotC] Klovn · first_building Castle |
| 35:24 | Tupac_Amaru · wall_segment Palisade Wall x6 |
| 35:27 | [SotC] Klovn · first_market_sell 100 food |
| 35:49 | HIX | COLPO DI CANNONE · first_building Archery Range |
| 36:04 | Mafioso_ · first_market_sell 100 food |
| 36:38 | [SotC] Frank Castle · wall_segment Stone Wall x3 |
| 36:51 | [SotC] Frank Castle · resign |
| 39:48 | Mafioso_ · first_building Stable |
[ AI ANALYSIS · 1 CREDIT ]
What really happened in this match?
Wolo.gg analyzes every decision: build order, eco, micro, common mistakes by bracket. Personalized analysis on WhatsApp or Discord in 30 seconds.
Civ guide
Bulgarians
Perfil
Jugador #11618367